NWL
KENNEWICK BEAR CUBS @ MEDFORD NUGGETS
08/24/1982
 
TOP OF THE 1ST
Kennewick Bear Cubs batting - Pitching for Medford Nuggets : LHP Donald Minnick
Pitching: LHP Donald Minnick
Batting: RHB Matthew Sferrazza 0-0: Swinging Strike
0-1: Ball
1-1: Foul Ball, location: 2F
1-2: Ground out 6-3 (Groundball, 56, EV 107.5 MPH)
Batting: SHB Eriberto Them 0-0: Called Strike
0-1: Fly out, F9 (Line Drive, 9, EV 86.9 MPH)
Batting: RHB Jonathan Black 0-0: Called Strike
0-1: Ball
1-1: Fly out, F9 (Flyball, 9S, EV 86.9 MPH)
Top of the 1st over - 0 runs, 0 hits, 0 errors, 0 left on base; Kennewick 0 - Medford 0
BOTTOM OF THE 1ST
Medford Nuggets batting - Pitching for Kennewick Bear Cubs : LHP Ramon Mascorro
Pitching: LHP Ramon Mascorro
Batting: LHB Todd Thomas 0-0: Ball
1-0: Foul Ball, location: 2F
1-1: Foul Ball, location: 2F
1-2: SOLO HOME RUN (Line Drive, 9LD, EV 105.6 MPH), Distance : 346 ft
Batting: RHB Juan Salinas 0-0: SINGLE (Line Drive, 78S, EV 107.5 MPH)
Batting: RHB Carl Hollis 0-0: Ball
1-0: Foul Ball, location: 2F
1-1: Ball
2-1: Called Strike
2-2: Fly out, F4 (Line Drive, 4, EV 71.9 MPH)
Batting: RHB Michael Lavery 0-0: Ball
1-0: Ball
2-0: Called Strike
2-1: Fly out, F9 (Flyball, 9S, EV 87.5 MPH)
Batting: RHB Michael Gambeski 0-0: Ball
1-0: Called Strike
1-1: Ball
2-1: Fielders Choice at 2nd, 6-4 (Groundball, 6, EV 89.4 MPH)
Bottom of the 1st over - 1 run, 2 hits, 0 errors, 1 left on base; Kennewick 0 - Medford 1
TOP OF THE 2ND
Kennewick Bear Cubs batting - Pitching for Medford Nuggets : LHP Donald Minnick
Batting: LHB Jose Birriel 0-0: Fly out, F8 (Flyball, 8RD, EV 101.3 MPH)
Batting: RHB Ruben Machado 0-0: Ball
1-0: SINGLE (Line Drive, 6MD, EV 95.0 MPH)
Batting: LHB Steven Morris 0-0: Foul Ball, location: 2F
0-1: Ball
1-1: Ball
2-1: Foul Ball, location: 2F
2-2: Ball
3-2: Foul Ball, location: 2F
3-2: Base on Balls
Ruben Machado to second
Batting: RHB Roger Jensen 0-0: SINGLE (Groundball, 56D, EV 95.6 MPH)
Ruben Machado to third
Steven Morris to second
Runner from 3rd tries for Home, SAFE, throw by LF to home
Batting: RHB Kenneth Whitfield 0-0: SINGLE (Groundball, 4D, EV 110.0 MPH)
Steven Morris to third
Roger Jensen to second
Runner from 3rd tries for Home, SAFE, throw by CF to home
Batting: LHB John Mizerock 0-0: Foul Ball, location: 2F
0-1: Called Strike
0-2: Ball
1-2: Strikes out looking
Batting: RHB Matthew Sferrazza 0-0: Ball
1-0: Ball
2-0: Fly out, F8 (Flyball, 8LD, EV 101.3 MPH)
Top of the 2nd over - 2 runs, 3 hits, 0 errors, 2 left on base; Kennewick 2 - Medford 1
BOTTOM OF THE 2ND
Medford Nuggets batting - Pitching for Kennewick Bear Cubs : LHP Ramon Mascorro
Batting: RHB Scot Mitchell 0-0: Ball
1-0: Ball
2-0: Ball
3-0: Base on Balls
Batting: LHB Jose Mantilla 0-0: Called Strike
0-1: Foul Ball, location: 2F
0-2: Strikes out swinging
Batting: RHB Scott Roebuck 0-0: Foul Ball, location: 2F
0-1: Ball
1-1: Called Strike
1-2: DOUBLE (Line Drive, 9LS, EV 98.1 MPH)
Scot Mitchell to third
Runner from 3rd tries for Home, SAFE, throw by RF to trailing runner, SAFE at third!
Batting: RHB Gary Crabtree 0-0: Fly out, F8 (Flyball, 8RD, EV 100.6 MPH)
Runner from 3rd tags up, SCORES, no throw by CF
Batting: LHB Todd Thomas 0-0: Fly out, F9 (Flyball, 9, EV 96.9 MPH)
Bottom of the 2nd over - 2 runs, 1 hit, 0 errors, 0 left on base; Kennewick 2 - Medford 3
TOP OF THE 3RD
Kennewick Bear Cubs batting - Pitching for Medford Nuggets : LHP Donald Minnick
Batting: SHB Eriberto Them 0-0: Swinging Strike
0-1: Foul Ball, location: 2F
0-2: Strikes out swinging
Batting: RHB Jonathan Black 0-0: Ball
1-0: Called Strike
1-1: Ball
2-1: Foul Ball, location: 2F
2-2: Ball
3-2: Base on Balls
Batting: LHB Jose Birriel 0-0: Ball
1-0: Ball
2-0: Called Strike
2-1: Called Strike
2-2: Strikes out looking
Batting: RHB Ruben Machado 0-0: Ball
1-0: Ball
2-0: Ball
3-0: Called Strike
3-1: Base on Balls
Jonathan Black to second
Batting: LHB Steven Morris 0-0: Called Strike
0-1: Foul Ball, location: 2F
0-2: Strikes out looking
Top of the 3rd over - 0 runs, 0 hits, 0 errors, 2 left on base; Kennewick 2 - Medford 3
BOTTOM OF THE 3RD
Medford Nuggets batting - Pitching for Kennewick Bear Cubs : LHP Ramon Mascorro
Batting: RHB Juan Salinas 0-0: Called Strike
0-1: Ball
1-1: Ball
2-1: Ball
3-1: SINGLE (Line Drive, 34D, EV 94.4 MPH)
Batting: RHB Carl Hollis 0-0: Ball
1-0: Foul Ball, location: 2F
1-1: Foul Ball, location: 2F
1-2: Foul Ball, location: 2F
1-2: Foul Ball, location: 2F
1-2: Ball
2-2: Foul Ball, location: 2F
2-2: Ball
3-2: Fly out, F9 (Line Drive, 9, EV 91.3 MPH)
Batting: RHB Michael Lavery 0-0: Ball
1-0: Ball
2-0: Reached on error, E5 (Groundball, 56S, EV 83.8 MPH)
Juan Salinas to second
Batting: RHB Michael Gambeski 0-0: Grounds into double play, 6-4-3 (Groundball, 56D, EV 91.3 MPH)
Bottom of the 3rd over - 0 runs, 1 hit, 1 error, 1 left on base; Kennewick 2 - Medford 3
TOP OF THE 4TH
Kennewick Bear Cubs batting - Pitching for Medford Nuggets : LHP Donald Minnick
Batting: RHB Roger Jensen 0-0: Ball
1-0: Foul Ball, location: 2F
1-1: Ball
2-1: Ball
3-1: Fly out, F4 (Popup, 34, EV 71.3 MPH)
Batting: RHB Kenneth Whitfield 0-0: Foul Ball, location: 2F
0-1: Swinging Strike
0-2: Ball
1-2: Ground out 6-3 (Groundball, 6, EV 88.8 MPH)
Batting: LHB John Mizerock 0-0: Fly out, F8 (Flyball, 8RD, EV 105.0 MPH)
Top of the 4th over - 0 runs, 0 hits, 0 errors, 0 left on base; Kennewick 2 - Medford 3
BOTTOM OF THE 4TH
Medford Nuggets batting - Pitching for Kennewick Bear Cubs : LHP Ramon Mascorro
Batting: RHB Scot Mitchell 0-0: Ball
1-0: Ball
2-0: Swinging Strike
2-1: Ball
3-1: Foul Ball, location: 2F
3-2: Base on Balls
Batting: LHB Jose Mantilla 0-0: Called Strike
0-1: Ball
1-1: Ball
2-1: Ball
3-1: Fielders Choice at 2nd, 4-6 (Groundball, 4, EV 89.4 MPH)
Batting: RHB Scott Roebuck 0-0: Called Strike
0-1: Fielders Choice at 2nd, 2-4 (Groundball, 2L, EV 74.4 MPH)
Batting: RHB Gary Crabtree 0-0: Ball
1-0: Foul Ball, location: 2F
1-1: Ball
2-1: Called Strike
Scott Roebuck steals 2nd base
2-2: Ground out 4-3 (Groundball, 4MD, EV 81.3 MPH)
Bottom of the 4th over - 0 runs, 0 hits, 0 errors, 1 left on base; Kennewick 2 - Medford 3
TOP OF THE 5TH
Kennewick Bear Cubs batting - Pitching for Medford Nuggets : LHP Donald Minnick
Batting: RHB Matthew Sferrazza 0-0: Swinging Strike
0-1: Swinging Strike
0-2: Ball
1-2: Strikes out swinging, 2-3 out at first.
Batting: SHB Eriberto Them 0-0: Called Strike
0-1: Foul Ball, location: 2F
0-2: Ball
1-2: Ball
2-2: Ball
3-2: Base on Balls
Batting: RHB Jonathan Black 0-0: Ball
1-0: Called Strike
1-1: Ball
2-1: Ball
3-1: DOUBLE (Flyball, 89D, EV 91.9 MPH)
Eriberto Them to third
Runner from 3rd tries for Home, SAFE, throw by RF to trailing runner, SAFE at third!
Batting: LHB Jose Birriel 0-0: Ground out U3 (Groundball, 34S, EV 88.8 MPH)
Batting: RHB Ruben Machado 0-0: Ball
1-0: Ball
2-0: Ground out U3 (Groundball, 34S, EV 68.1 MPH)
Top of the 5th over - 1 run, 1 hit, 0 errors, 1 left on base; Kennewick 3 - Medford 3
BOTTOM OF THE 5TH
Medford Nuggets batting - Pitching for Kennewick Bear Cubs : LHP Ramon Mascorro
Batting: LHB Todd Thomas 0-0: Fly out, F9 (Flyball, 9, EV 72.5 MPH)
Batting: RHB Juan Salinas 0-0: Called Strike
0-1: Called Strike
0-2: Ball
1-2: Ball
2-2: Ball
3-2: Base on Balls
Batting: RHB Carl Hollis 0-0: Ball
1-0: Called Strike
1-1: 2-RUN HOME RUN (Flyball, 7LD, EV 106.9 MPH), Distance : 365 ft
Pitching: RHP Bryan Funk
Batting: RHB Michael Lavery 0-0: Ball
1-0: Ball
2-0: Ball
3-0: Called Strike
3-1: Foul Ball, location: 2F
3-2: Strikes out swinging
Batting: RHB Michael Gambeski 0-0: Called Strike
0-1: Called Strike
0-2: Foul Ball, location: 2F
0-2: Ball
1-2: Fly out, F9 (Flyball, 9D, EV 89.4 MPH)
Bottom of the 5th over - 2 runs, 1 hit, 0 errors, 0 left on base; Kennewick 3 - Medford 5
TOP OF THE 6TH
Kennewick Bear Cubs batting - Pitching for Medford Nuggets : LHP Donald Minnick
Batting: LHB Steven Morris 0-0: Called Strike
0-1: Foul Ball, location: 2F
0-2: Ball
1-2: Ball
2-2: DOUBLE (Line Drive, 8RXD, EV 102.5 MPH)
Batting: RHB Roger Jensen 0-0: Called Strike
0-1: Fly out, F8 (Flyball, 89XD, EV 110.6 MPH)
Runner from 2nd tags up, SAFE at 3rd, no throw by CF
Batting: RHB Kenneth Whitfield 0-0: Ball
1-0: Ball
2-0: Called Strike
2-1: Called Strike
2-2: Ball
3-2: Foul Ball, location: 2F
3-2: Foul Ball, location: 2F
3-2: Base on Balls
Batting: LHB John Mizerock 0-0: Called Strike
0-1: Ball
1-1: Foul Ball, location: 2F
1-2: Fly out, F4 (Popup, 4MD, EV 64.4 MPH)
Batting: RHB Matthew Sferrazza 0-0: Ball
1-0: Called Strike
1-1: Ball
2-1: Ball
3-1: Base on Balls
Kenneth Whitfield to second
Batting: SHB Eriberto Them 0-0: Called Strike
0-1: Ground out 2-3 (Groundball, 2L, EV 65.0 MPH)
Top of the 6th over - 0 runs, 1 hit, 0 errors, 3 left on base; Kennewick 3 - Medford 5
BOTTOM OF THE 6TH
Medford Nuggets batting - Pitching for Kennewick Bear Cubs : RHP Bryan Funk
Batting: RHB Scot Mitchell 0-0: Ball
1-0: Called Strike
1-1: SINGLE (Groundball, 4MD, EV 94.4 MPH)
Batting: LHB Jose Mantilla 0-0: Ball
1-0: Called Strike
1-1: Bunted foul
1-2: Foul Ball, location: 9LSF, Error on foul ball, E9
1-2: SINGLE (Groundball, P, EV 89.4 MPH) (infield hit)
Scot Mitchell to second
Batting: RHB Scott Roebuck 0-0: Swinging Strike
0-1: Foul Ball, location: 2F
0-2: Ball
1-2: Ball
2-2: 3-RUN HOME RUN (Flyball, 7D, EV 99.4 MPH), Distance : 385 ft
Batting: RHB Gary Crabtree 0-0: Swinging Strike
0-1: Swinging Strike
0-2: Ball
1-2: Strikes out swinging
Batting: LHB Todd Thomas 0-0: Called Strike
0-1: Ball
1-1: Called Strike
1-2: Fly out, F6 (Popup, 6, EV 73.8 MPH)
Batting: RHB Juan Salinas 0-0: Ball
1-0: Swinging Strike
1-1: Fly out, F9 (Flyball, 9LM, EV 80.0 MPH)
Bottom of the 6th over - 3 runs, 3 hits, 1 error, 0 left on base; Kennewick 3 - Medford 8
TOP OF THE 7TH
Kennewick Bear Cubs batting - Pitching for Medford Nuggets : LHP Donald Minnick
Batting: RHB Jonathan Black 0-0: Ball
1-0: Fly out, F9 (Flyball, 9LS, EV 88.8 MPH)
Batting: LHB Jose Birriel 0-0: Foul Ball, location: 2F
0-1: Ball
1-1: Swinging Strike
1-2: Ball
2-2: Foul Ball, location: 2F
2-2: Fly out, F7 (Flyball, 7, EV 81.3 MPH)
Batting: RHB Ruben Machado 0-0: Swinging Strike
0-1: Ball
1-1: Ground out 5-3 (Groundball, 56S, EV 88.1 MPH)
Top of the 7th over - 0 runs, 0 hits, 0 errors, 0 left on base; Kennewick 3 - Medford 8
BOTTOM OF THE 7TH
Medford Nuggets batting - Pitching for Kennewick Bear Cubs : RHP Bryan Funk
Batting: RHB Carl Hollis 0-0: Called Strike
0-1: SOLO HOME RUN (Flyball, 78XD, EV 93.1 MPH), Distance : 401 ft
Batting: RHB Michael Lavery 0-0: Ground out 1-3 (Groundball, 34S, EV 71.9 MPH)
Pitching: RHP Calvin Schiraldi
Batting: RHB Michael Gambeski 0-0: Called Strike
0-1: Ground out 6-3 (Groundball, 6, EV 103.8 MPH)
Batting: RHB Scot Mitchell 0-0: Ball
1-0: SINGLE (Flyball, 56D, EV 73.8 MPH)
Batting: LHB Jose Mantilla 0-0: Ball
1-0: Swinging Strike
1-1: 2-RUN HOME RUN (Flyball, 8LXD, EV 93.8 MPH), Distance : 433 ft
Batting: RHB Scott Roebuck 0-0: Called Strike
0-1: Ball
1-1: Foul Ball, location: 2F
1-2: Strikes out swinging
Bottom of the 7th over - 3 runs, 3 hits, 0 errors, 0 left on base; Kennewick 3 - Medford 11
TOP OF THE 8TH
Kennewick Bear Cubs batting - Pitching for Medford Nuggets : LHP Donald Minnick
Batting: LHB Steven Morris 0-0: Called Strike
0-1: Called Strike
0-2: Ball
1-2: Ball
2-2: Foul Ball, location: 2F
2-2: Strikes out swinging
Batting: RHB Roger Jensen 0-0: Ball
1-0: Ball
2-0: Foul Ball, location: 2F
2-1: Foul Ball, location: 2F
2-2: Strikes out swinging
Batting: RHB Kenneth Whitfield 0-0: Ball
1-0: Ball
2-0: Called Strike
2-1: Ground out 5-3 (Groundball, 56S, EV 89.4 MPH)
Top of the 8th over - 0 runs, 0 hits, 0 errors, 0 left on base; Kennewick 3 - Medford 11
BOTTOM OF THE 8TH
Medford Nuggets batting - Pitching for Kennewick Bear Cubs : RHP Calvin Schiraldi
Batting: RHB Gary Crabtree 0-0: Called Strike
0-1: Ball
1-1: Ball
2-1: Ground out 5-3 (Groundball, 5, EV 85.6 MPH)
Batting: LHB Todd Thomas 0-0: Ball
1-0: Foul Ball, location: 2F
1-1: Ball
2-1: Foul Ball, location: 2F
2-2: Ground out 4-3 (Groundball, 4, EV 86.3 MPH)
Batting: RHB Juan Salinas 0-0: DOUBLE (Line Drive, 7LM, EV 107.5 MPH)
Batting: RHB Carl Hollis 0-0: Ball
1-0: Ball
2-0: Ball
3-0: Called Strike
3-1: Base on Balls
Batting: RHB Michael Lavery 0-0: Ball
1-0: Ball
2-0: Swinging Strike
2-1: SINGLE (Groundball, 6MD, EV 96.3 MPH)
Juan Salinas to third
Carl Hollis to second
Runner from 3rd tries for Home, SAFE, throw by CF to home
Batting: RHB Michael Gambeski 0-0: Fielders Choice at 2nd, 6-4 (Groundball, 6, EV 82.5 MPH)
Bottom of the 8th over - 1 run, 2 hits, 0 errors, 2 left on base; Kennewick 3 - Medford 12
TOP OF THE 9TH
Kennewick Bear Cubs batting - Pitching for Medford Nuggets : LHP Donald Minnick
Batting: LHB John Mizerock 0-0: Called Strike
0-1: Called Strike
0-2: Fly out, F9 (Line Drive, 9D, EV 98.1 MPH)
Batting: RHB Matthew Sferrazza 0-0: Ball
1-0: SINGLE (Groundball, 4D, EV 99.4 MPH)
Batting: SHB Eriberto Them 0-0: Swinging Strike
0-1: Foul Ball, location: 2F
0-2: Foul Ball, location: 2F
0-2: Ball
1-2: Foul Ball, location: 2F
1-2: Strikes out swinging
Pitching: RHP Elias Guerrero
Batting: RHB Jonathan Black 0-0: 2-RUN HOME RUN (Flyball, 89XD, EV 98.1 MPH), Distance : 409 ft
Batting: LHB Jose Birriel 0-0: Foul Ball, location: 2F
0-1: Foul Ball, location: 2F
0-2: Ball
1-2: Foul Ball, location: 2F
1-2: Ball
2-2: Foul Ball, location: 2F
2-2: Strikes out swinging
Top of the 9th over - 2 runs, 2 hits, 0 errors, 0 left on base; Kennewick 5 - Medford 12
Wednesday, August 26th, 2020 - OOTP Baseball 21.5 Build 76